 Dungeon Crawl Stone Soup version 0.22.1-2-g9c5b331 (webtiles) character file.

7935 nicolaieve the Basher (level 11, 0/96 (97) HPs)
             Began as a Minotaur Berserker on Dec 19, 2018.
             Was a High Priest of Trog.
             Killed by nerve-wracking pain
             ... invoked by an orc priest
              (10 damage)
             ... on level 10 of the Dungeon.
             The game lasted 00:32:46 (7666 turns).

nicolaieve the Basher (Minotaur Berserker)          Turns: 7666, Time: 00:32:47

HP:   0/96 (97)     AC: 17    Str: 26    XL:     11   Next: 3%
MP:   10/10         EV: 11    Int:  6    God:    Trog [*****.]
Gold: 639           SH:  0    Dex: 13    Spells: 10/10 levels left

rFire    + . .     SeeInvis .   b - +3 morningstar (protect)
rCold    . . .     Gourm    .   (no shield)
rNeg     . . .     Faith    +   C - +1 scale mail of Puaguvoa {Str+4 Int+2}
rPois    .         Spirit   .   (helmet restricted)
rElec    .         Reflect  .   (no cloak)
rCorr    +         Harm     .   (no gloves)
MR       .....                  (no boots)
Stlth    ..........             u - amulet of faith
HPRegen  0.26/turn              o - ring of protection from fire
MPRegen  0.12/turn              f - ring of resist corrosion

@: protection aura, berserk cooldown, slowed, very slow
A: retaliatory headbutt, horns 2
a: Berserk, Trog's Hand, Brothers in Arms, Renounce Religion


You were on level 10 of the Dungeon.
You worshipped Trog.
Trog was extremely pleased with you.
You were hungry.

You visited 1 branch of the dungeon, and saw 10 of its levels.

You collected 639 gold pieces.

Inventory:

Hand Weapons
 b - a +3 morningstar of protection (weapon)
 p - a +2 whip of freezing
 B - a +0 hunting sling
Missiles
 e - 183 stones (quivered)
 w - 100 sling bullets
Armour
 C - the +1 scale mail of Puaguvoa (worn) {Str+4 Int+2}
   (You found it on level 5 of the Dungeon)

   It affects your strength (+4).
   It affects your intelligence (+2).
 H - a +0 plate armour
Jewellery
 f - a ring of resist corrosion (right hand)
 o - a ring of protection from fire (left hand)
 u - an amulet of faith (around neck)
 A - an uncursed ring of flight
Wands
 l - a wand of polymorph (27)
 r - a wand of digging (7)
 y - a wand of flame (76)
Scrolls
 g - 5 scrolls of teleportation
 h - a scroll of fog {unknown}
 i - 2 scrolls of enchant armour
 m - 3 scrolls of enchant weapon
 n - a scroll of blinking {unknown}
 q - 2 scrolls of immolation {unknown}
 v - a scroll of fear {unknown}
 x - 4 scrolls of remove curse
 z - 2 scrolls of magic mapping {unknown}
 I - a scroll of summoning {unknown}
 J - 5 scrolls of noise {unknown}
 K - a scroll of identify
Potions
 d - a potion of haste
 j - a potion of agility
 k - 2 potions of brilliance
 s - a potion of lignification
 t - a potion of might
 D - a potion of heal wounds
 E - a potion of curing
 F - 2 potions of flight {unknown}
 G - 2 potions of ambrosia {unknown}
Comestibles
 a - 11 chunks of flesh
 c - 12 rations


   Skills:
 - Level 9.4 Fighting
 + Level 13.5 Maces & Flails
 + Level 12.5 Armour
 - Level 2.1 Dodging


You had 10 spell levels left.
You didn't know any spells.
Your spell library was empty.

Dungeon Overview and Level Annotations

Branches:
Dungeon (10/15)            Temple (0/1) D:4            Lair (0/6) D:9
    Orc (0/2) D:10

Altars:
Ashenzari
Cheibriados
Fedhas
Kikubaaqudgha
Makhleb
Qazlal
Ru
Sif Muna
Trog
Xom
Yredelemnul
Zin


Innate Abilities, Weirdness & Mutations

You reflexively headbutt those who attack you in melee.
You have a pair of horns on your head.


Message History

The orc warrior hits you with a trident.
* * * LOW HITPOINT WARNING * * *
You closely miss the orc warrior. You headbutt the orc warrior.
The orc warrior is almost dead.
The orc warrior hits you but does no damage.
Unknown command.
You hit the orc warrior but do no damage.
The orc warrior is almost dead.
The orc warrior hits you with a trident.
* * * LOW HITPOINT WARNING * * *
The orc warrior hits you but does no damage.
Unknown command.
You puncture the orc warrior!
You kill the orc warrior!
Trog accepts your kill.
Your skin stops crawling.
You feel less resistant to hostile enchantments.
The orc priest calls down the wrath of Beogh upon you.
Pain shoots through your body!
You die...

### #.##
##..# #.#
#..# ###
##..#
#####.###
#....##
#####.####
#...#)#
#.8)))#
##@..###
+###'####
#.Oo##


#ooo# #.oo## #'###o# ..# ##[.o# ..8. o8.# #.. o..# You could see an ogre, an orc
priest and 4 orcs.

Vanquished Creatures
  Pikel (D:4)
  A manticore (D:10)
  A gargoyle (D:8)
  A troll (D:9)
  A hornet (D:9)
  A hippogriff (D:8)
  Sigmund (D:6)
  5 yaks
  Eustachio (D:6)
  Grum (D:8)
  A hungry ghost (D:8)
  A porcupine (D:9)
  3 ice beasts
  2 orc warriors
  3 slaves (D:4)
  A sky beast (D:9)
  A necrophage (D:9)
  A phantom (D:5)
  A black bear (D:9)
  2 ogres
  2 wolves (D:8)
  9 centaurs
  2 big kobolds
  4 bullfrogs
  2 wyvern skeletons
  4 scorpions
  6 killer bees
  8 wights
  3 crimson imps
  A bullfrog zombie (D:6)
  A jelly (D:5)
  A bullfrog skeleton (D:3)
  4 hounds
  A quasit (D:9)
  5 orc priests
  20 orc wizards
  2 iguanas
  9 worker ants
  Natasha (thrice) (D:2)
  A worker ant zombie (D:3)
  5 gnolls
  A howler monkey skeleton (D:7)
  6 adders
  2 oozes
  An adder skeleton (D:5)
  2 adder zombies
  3 worms
  3 dart slugs
  6 leopard geckos
  42 orcs
  5 giant cockroaches
  7 goblins
  3 hobgoblins
  12 jackals
  8 quokkas
  2 ball pythons
  7 bats
  7 frilled lizards
  A jackal skeleton (D:9)
  6 kobolds
  8 rats
255 creatures vanquished.

Vanquished Creatures (others)
  A crimson imp (D:4)
  An iguana (D:4)
  6 gnolls (D:4)
  A howler monkey skeleton (D:4)
  An orc (D:4)
  A ball python (D:4)
11 creatures vanquished.

Grand Total: 266 creatures vanquished

Notes
Turn   | Place    | Note
-------+----------+-------------------------------------------
     0 | D:1      | nicolaieve the Minotaur Berserker began the quest for the
                  | Orb.
     0 | D:1      | Reached XP level 1. HP: 19/19 MP: 0/0
   107 | D:1      | Reached skill level 4 in Maces & Flails
   324 | D:1      | Reached XP level 2. HP: 26/26 MP: 1/1
   843 | D:2      | Noticed Natasha
   850 | D:2      | Reached skill level 5 in Maces & Flails
   850 | D:2      | Reached XP level 3. HP: 31/31 MP: 2/2
   856 | D:2      | Killed Natasha
   863 | D:2      | Reached ** piety under Trog
   863 | D:2      | Reached skill level 6 in Maces & Flails
   863 | D:2      | Reached XP level 4. HP: 29/39 MP: 3/3
   886 | D:2      | Found a shattered altar of Ashenzari.
  1064 | D:2      | Noticed Natasha
  1075 | D:2      | Killed Natasha
  1109 | D:2      | Noticed Natasha
  1126 | D:2      | Killed Natasha
  1138 | D:2      | Reached XP level 5. HP: 26/45 MP: 4/4
  1204 | D:2      | Reached skill level 7 in Maces & Flails
  1542 | D:2      | Found a sacrificial altar of Ru.
  1891 | D:3      | Found a deep blue altar of Sif Muna.
  2229 | D:3      | Reached skill level 8 in Maces & Flails
  2241 | D:3      | Reached *** piety under Trog
  2624 | D:4      | Reached XP level 6. HP: 50/51 MP: 5/5
  2788 | D:4      | Noticed Pikel
  2788 | D:4      | Noticed a slave
  2788 | D:4      | Noticed a slave
  2788 | D:4      | Noticed a slave
  2788 | D:4      | Noticed a slave
  2802 | D:4      | Killed Pikel
  2802 | D:4      | Reached skill level 10 in Maces & Flails
  2802 | D:4      | Reached XP level 7. HP: 57/57 MP: 6/6
  2807 | D:4      | Reached skill level 11 in Maces & Flails
  2987 | D:4      | Found a burning altar of Makhleb.
  2990 | D:4      | Found a shimmering altar of Xom.
  3075 | D:4      | Found a basalt altar of Yredelemnul.
  3088 | D:4      | Found a stormy altar of Qazlal.
  3143 | D:4      | Reached XP level 8. HP: 61/64 MP: 7/7
  3163 | D:4      | Found a staircase to the Ecumenical Temple.
  3349 | D:5      | Entered Level 5 of the Dungeon
  3454 | D:5      | Reached **** piety under Trog
  3455 | D:5      | Reached skill level 12 in Maces & Flails
  3535 | D:5      | Got a crude scale mail
  3546 | D:5      | Identified the +1 scale mail of Puaguvoa {Str+4 Int+2} (You
                  | found it on level 5 of the Dungeon)
  3798 | D:5      | Reached skill level 5 in Armour
  4186 | D:6      | Found a snail-covered altar of Cheibriados.
  4346 | D:6      | Noticed Sigmund
  4354 | D:6      | Killed Sigmund
  4354 | D:6      | Reached skill level 5 in Fighting
  4438 | D:6      | Reached XP level 9. HP: 58/74 MP: 8/8
  4493 | D:6      | Reached ***** piety under Trog
  4584 | D:6      | Noticed Eustachio
  4600 | D:6      | Killed Eustachio
  4634 | D:6      | Found a shattered altar of Ashenzari.
  4634 | D:6      | Found an ancient bone altar of Kikubaaqudgha.
  4636 | D:6      | Found a bloodstained altar of Trog.
  4892 | D:7      | Received a gift from Trog
  5152 | D:7      | Reached skill level 10 in Armour
  5597 | D:8      | Noticed Grum
  5627 | D:8      | Killed Grum
  5627 | D:8      | Reached XP level 10. HP: 47/88 MP: 9/9
  5857 | D:8      | Noticed a gargoyle
  5865 | D:8      | Killed a gargoyle
  6046 | D:8      | Found a glowing silver altar of Zin.
  6787 | D:9      | Received a gift from Trog
  6802 | D:9      | Found a blossoming altar of Fedhas.
  6932 | D:9      | Paralysed by a hornet for 2 turns
  7310 | D:9      | Found a staircase to the Lair.
  7374 | D:10     | Entered Level 10 of the Dungeon
  7374 | D:10     | Noticed a manticore
  7386 | D:10     | Killed a manticore
  7386 | D:10     | Reached skill level 13 in Maces & Flails
  7559 | D:10     | Reached XP level 11. HP: 78/96 MP: 10/10
  7622 | D:10     | Found a staircase to the Orcish Mines.
  7666 | D:10     | Killed from afar by an orc priest

Skill      XL: |  1  2  3  4  5  6  7  8  9 10 |
---------------+-------------------------------+-----
Maces & Flails | 4 5 6 8 10 11 12 13 | 13.5
Armour         | 7 10 12 | 12.5
Fighting       | 5 8 9 |  9.4
Dodging        | |  2.1

Action                   |  1- 3 |  4- 6 |  7- 9 | 10-12 || total
-------------------------+-------+-------+-------+-------++-------
Melee: Mace              |    45 |    31 |    24 |       ||   100
       Headbutt          |     2 |    29 |    85 |    50 ||   166
       Whip              |       |   145 |   354 |    80 ||   579
       Morningstar       |       |       |       |   142 ||   142
Invok: Berserk           |     1 |     1 |     4 |     6 ||    12
       Trog's Hand       |       |       |     3 |     3 ||     6
  Use: Scroll            |       |     4 |     8 |     1 ||    13
 Stab: Distracted        |       |       |     3 |       ||     3
  Eat: Chunk             |       |     7 |    13 |    12 ||    32
       Ration            |       |       |       |     1 ||     1
Armor: Animal skin       |     7 |       |       |       ||     7
       Ring mail         |     5 |    36 |       |       ||    41
       Scale mail        |       |    14 |   110 |    85 ||   209
Dodge: Dodged            |    29 |    83 |   120 |    83 ||   315
